 Dungeon Crawl Stone Soup version 0.31-a0-7-g51783674b7 (webtiles) character file.

Game seed: 11618360802248185585

89 Zonian the Magician (level 4, -2/31 HPs)
             Began as a Djinni Ice Elementalist on May 6, 2023.
             Slain by an orc priest
             ... wielding a +0 falchion
              (5 damage)
             ... on level 3 of the Dungeon.
             The game lasted 00:04:14 (2288 turns).

Zonian the Magician (Djinni Ice Elementalist)       Turns: 2288, Time: 00:04:15

Health: -2/31      AC:  2    Str: 13    XL:     4   Next: 84%
Gold:   59         EV: 13    Int: 18    God:
                   SH:  0    Dex: 14

rFire   + + .        (no weapon)
rCold   x . .        (no shield)
rNeg    . . .        a - +0 robe
rPois   ∞            (no helmet)
rElec   .            (no cloak)
rCorr   .            (no gloves)
SInv    .            (boots unavailable)
Will    .....        (no amulet)
Stlth   ++           g - +6 ring of strength
HPRegen 0.25/turn    (no ring)
MPRegen 0.00/turn

%: infuse magic (-3 HP)
@: flying
A: sickness immunity, fire resistance 2, cold vulnerability 1, float, innate
caster, HP casting, extra vitality 1
a: no special abilities


You were on level 3 of the Dungeon.
You visited 1 branch of the dungeon, and saw 3 of its levels.

You collected 59 gold pieces.

Inventory:

Armour
 a - a +0 robe (worn)
Jewellery
 g - a +6 ring of strength (left hand)
Scrolls
 b - 2 scrolls of magic mapping {unknown}
 e - a scroll of noise {unknown}
 f - 2 scrolls of poison {unknown}
 h - a scroll of amnesia {unknown}
 i - a scroll of fear {unknown}
 k - a scroll of fog {unknown}
Potions
 d - a potion of might {unknown}
 j - a potion of brilliance {unknown}
 l - a potion of flight {unknown}


   Skills:
 + Level 3.5 Dodging
 + Level 2.6 Stealth
 + Level 3.7 Spellcasting


You knew the following spells:

 Your Spells              Type           Power      Damage    Failure   Level
a - Freeze                Ice            64%        1d7       3%          1
b - Frozen Ramparts       Ice            32%        1d5       10%         3
c - Ozocubu's Armour      Ice            16%        N/A       10%         3
d - Summon Ice Beast      Ice/Summ       16%        N/A       32%         4
e - Sandblast             Erth           32%        2d9       3%          1
Your spell library was empty.

Dungeon Overview and Level Annotations

Branches:
Dungeon (3/15)

Altars:


Innate Abilities, Weirdness & Mutations

You are immune to sickness and miasma.
You are immune to poison.
Your flesh is very heat resistant. (rF++)
You are vulnerable to cold. (rC-)
You float through the air rather than walking.
You learn spells naturally, not from books.
Your magical power is your life essence.
You have superior vitality. (+4 MHP)


Message History

Unknown command.
HP restored.
You see here a ring of poison resistance.
You see here a rat corpse.
You see here a rat corpse.
You see here a ring of poison resistance.
You see here an adder corpse.
You see here a +0 glaive.
As you open the door, it creaks loudly!
An orc priest and 2 orcs come into view.
The orc priest shouts!
The orc shouts!
There are monsters nearby!
You freeze the orc!
You kill the orc!
A ball python comes into view.
You can't see any susceptible monsters within range! (Use Z to cast anyway.) Unknown command.
The orc priest invokes the aid of Beogh against you.
Pain shoots through your body!
There is an open door here.
Things that are here:
a +0 club; a +0 leather armour; an orc corpse Unknown command.
You freeze the orc priest!
The orc priest is heavily wounded.
The orc priest mumbles some strange prayers to Beogh against you.
Beogh smites you!
* * * LOW HITPOINT WARNING * * *
The orc misses you.
You are too injured to fight recklessly!
Unknown command.
You feel better.
The orc priest hits you with a +0 falchion.
* * * LOW HITPOINT WARNING * * *
The orc hits you with a +0 dagger.
* * * LOW HITPOINT WARNING * * *
Unknown command.
The orc priest attacks as you move away!
The orc priest hits you with a +0 falchion.
You die...

#........# #.#
##.####### ####.# #.#
#.# #....# #.# #+#
#.#### #.# #.# #.# #.#
#.# ♣♣# ##.## #.#
♣♣♣♣♣.o####...#######.##
.....So@................
.♣♣♣♣♣.####....<...#####
♣♣ #..#####.# #..#####.#
#..)..##.# #.###†##.#
#........# #####..###
♣♣=#


You could see an orc priest, an orc and a ball python.

Vanquished Creatures
  2 adders
  3 worms
  A dart slug (D:2)
  An orc (D:3)
  6 endoplasms
  2 giant cockroaches
  9 goblins
  4 hobgoblins
  5 jackals (D:1)
  5 kobolds
  3 quokkas
  2 ball pythons
  4 bats
  4 frilled lizards
  4 rats
55 creatures vanquished.

Vanquished Creatures (others)
  6 plants (D:2)
6 creatures vanquished.

Grand Total: 61 creatures vanquished

Notes
Turn   | Place    | Note
-------+----------+-------------------------------------------
     0 | D:1      | Zonian the Djinni Ice Elementalist began the quest for the
                  | Orb.
     0 | D:1      | Zonian set off with the following spells memorised: Freeze,
                  | Frozen Ramparts, Ozocubu's Armour, Summon Ice Beast.
     0 | D:1      | Reached XP level 1. HP: 15/15 MP: 0/0
    97 | D:1      | Reached XP level 2. HP: 18/21 MP: 0/0
   315 | D:1      | Reached XP level 3. HP: 22/25 MP: 0/0
   315 | D:1      | Learned a level 1 spell: Sandblast
   865 | D:2      | Found a faded altar of an unknown god.
   868 | D:2      | Reached XP level 4. HP: 23/31 MP: 0/0
  2286 | D:3      | HP: 1/31 [orc priest/divine providence (15)]
  2288 | D:3      | Slain by an orc priest

Illustrated notes

Levels and vault maps discovered:
D:1:      spicycebolla_arrival_risky_transporter, layout_basic,
          minmay_surrounded
D:2:      layout_basic, ebering_ecumenical_altar_sacrificial,
          serial_bayou_lake_a
D:3:      layout_loops_corners, fedhas_altar_4, serial_forest,
          infiniplex_forest_end_3, infiniplex_forest_lined_2,
          infiniplex_forest_split, infiniplex_forest_lined_3,
          infiniplex_forest_clump_tiny, infiniplex_forest_clump_small,
          infiniplex_forest_straight_2, infiniplex_forest_clump_curved,
          infiniplex_forest_lined_3

Skill      XL: |  1  2  3 |
---------------+----------+-----
Stealth        | 2 |  2.6
Dodging        | 3 |  3.5
Spellcasting   | |  3.7

Action                     |  1- 3 |  4- 6 || total
---------------------------+-------+-------++-------
  Melee: Unarmed           |     5 |     8 ||    13
   Cast: Freeze            |    42 |    47 ||    89
    Use: Potion            |       |     2 ||     2
   Stab: Sleeping          |       |     1 ||     1
 Armour: Robe              |     1 |     5 ||     6
  Dodge: Dodged            |    25 |    29 ||    54

Table legend: (Time is in decaauts)
 A = Elapsed time spent in this place.
 B = Non-inter-level travel time spent in this place.
 C = Inter-level travel time spent in this place.
 D = Time resting spent in this place.
 E = Time spent auto-exploring this place.
 F = Levels seen in this place.
 G = Mean time per level.
                   A        B        C        D        E       F      G
               +--------+--------+--------+--------+--------+-----+--------+
         Total |   2286 |   2227 |     59 |    624 |   1172 |   3 |  762.0 |
       Dungeon |   2286 |   2227 |     59 |    624 |   1172 |   3 |  762.0 |
               +--------+--------+--------+--------+--------+-----+--------+

Top non-repeatable levels by time:
     D:2: 1136 daAuts
     D:1: 747 daAuts
     D:3: 403 daAuts
